 Dungeon Crawl Stone Soup version 0.29.1-1-gd02db69 (webtiles) character file.

Game seed: 7200482977040552199

53 GrayBeard the Trooper (level 3, -3/33 HPs)
             Began as a Minotaur Berserker on Mar 5, 2023.
             Was a Follower of Trog.
             Slain by a gnoll
             ... wielding a +0 spear
              (4 damage)
             ... on level 2 of the Dungeon on Mar 6, 2023.
             The game lasted 00:04:14 (1648 turns).

GrayBeard the Trooper (Minotaur Berserker)          Turns: 1648, Time: 00:04:15

Health: -3/33      AC:  2    Str: 23    XL:     3   Next: 64%
Magic:  2/2        EV:  6    Int:  4    God:    Trog [*.....]
Gold:   82         SH:  0    Dex:  9    Spells: 2/2 levels left

rFire   . . .      SeeInvis .   a - +0 hand axe
rCold   . . .      Faith    .   (no shield)
rNeg    . . .      Spirit   .   b - +0 animal skin
rPois   .          Reflect  .   (helmet restricted)
rElec   .          Harm     .   (no cloak)
rCorr   .          Rampage  .   (no gloves)
Will    .....                   (no boots)
Stlth   +.........              (no amulet)
HPRegen 0.11/turn               (no ring)
MPRegen 0.08/turn               (no ring)

@: on berserk cooldown, held, slowed, very slow
A: horns 2, retaliatory headbutt
a: Renounce Religion, Berserk


You were on level 2 of the Dungeon.
You worshipped Trog.
Trog was aware of your devotion.
You visited 1 branch of the dungeon, and saw 2 of its levels.

You collected 82 gold pieces.

Inventory:

Hand Weapons
 a - a +0 hand axe (weapon)
 e - a +0 club
 j - a +0 hand axe
 p - a +0 rapier
Missiles
 f - 15 stones
Armour
 b - a +0 animal skin (worn)
Magical Staves
 r - a staff of cold
Jewellery
 t - an amulet of faith
Scrolls
 d - a scroll of amnesia {unknown}
 g - a scroll of torment {unknown}
 h - a scroll of acquirement {unknown}
 i - 2 scrolls of poison {unknown}
 k - 2 scrolls of identify {unknown}
 l - a scroll of immolation {unknown}
 n - a scroll of enchant armour {unknown}
 o - 3 scrolls of vulnerability {unknown}
 q - 3 scrolls of teleportation {unknown}
 s - a scroll of noise {unknown}
Potions
 c - a potion of heal wounds {unknown}
 m - a potion of flight {unknown}
 u - a potion of haste {unknown}


   Skills:
 + Level 4.2 Fighting
 + Level 4.2 Axes
 + Level 3.2 Armour
 + Level 2.9 Dodging


You had 2 spell levels left.
You didn't know any spells.
Your spell library was empty.

Dungeon Overview and Level Annotations

Branches:
Dungeon (2/15)

Altars:


Innate Abilities, Weirdness & Mutations

You have a pair of horns on your head.
You reflexively headbutt those who attack you in melee.


Message History

You become entangled in the net!
You are held in a net!
You are held in a net!
You are held in a net!
You are held in a net!
You are held in a net!
You are held in a net!
You struggle against the net.
The hobgoblin hits you.
The gnoll hits you from afar with a +0 spear.
You struggle against the net.
The hobgoblin barely misses you.
The gnoll hits you from afar with a +0 spear!
You struggle against the net.
The hobgoblin hits you.
The gnoll hits you from afar with a +0 spear!
* * * LOW HITPOINT WARNING * * *
You struggle against the net.
The hobgoblin barely misses you.
The gnoll hits you from afar with a +0 spear.
* * * LOW HITPOINT WARNING * * *
Activating: Berserk (5% risk of failure)
Press: ? - help, Q - select action, (/) - cycle Dir - look around, f - activate A red film seems to cover your vision as you go berserk!
You feel yourself moving faster!
You feel mighty! The hobgoblin barely misses you.
The gnoll hits you from afar with a +0 spear.
* * * LOW HITPOINT WARNING * * *
Unknown command.
You shred the net and break free!
You feel a strong urge to attack something.
The hobgoblin hits you.
* * * LOW HITPOINT WARNING * * *
The gnoll throws a throwing net.
The throwing net hits you.
You become entangled in the net!
You tear a large gash into the net.
You struggle against the net.
You feel your anger nearly subside.
You are no longer berserk.
You are exhausted.
You feel yourself slow down.
The hobgoblin hits you but does no damage.
The gnoll hits you from afar with a +0 spear.
You die...

#.##.##.######.###.#
#..............##..#
####.###............
#.###............
#.>##............
#######..#............
#..?.....#..[.........
#.#.##.#.#.......#.#..
#g@#..#############
#!##†#.# # g#.# #..#
#.. .. .. .##


You could see a gnoll and a hobgoblin.

Vanquished Creatures
  2 adders (D:2)
  A dart slug (D:2)
  2 endoplasms
  A giant cockroach (D:2)
  6 goblins
  3 hobgoblins (D:1)
  3 kobolds
  A quokka (D:1)
  4 ball pythons
  3 bats
  3 frilled lizards
  3 rats (D:1)
32 creatures vanquished.

Notes
Turn   | Place    | Note
-------+----------+-------------------------------------------
     0 | D:1      | GrayBeard the Minotaur Berserker began the quest for the
                  | Orb.
     0 | D:1      | Reached XP level 1. HP: 19/19 MP: 0/0
   371 | D:1      | Reached XP level 2. HP: 27/27 MP: 1/1
   931 | D:2      | Reached XP level 3. HP: 25/33 MP: 2/2
  1645 | D:2      | HP: 1/49 [gnoll/+0 spear (6)]
  1648 | D:2      | Slain by a gnoll

Illustrated notes

Levels and vault maps discovered:
D:1:      lemuel_arrival_tunnels, layout_loops_ring, dk_noncrumbling_4
D:2:      minmay_chambers_of_ones, layout_loops_cross, minmay_small_reverse_x

Skill      XL: |  1  2 |
---------------+-------+-----
Axes           | 4 |  4.2
Fighting       | 4 |  4.2
Armour         | 3 |  3.2
Dodging        | |  2.9

Action                   || total
-------------------------++-------
Melee: Hand axe          ||    57
       Headbutt          ||     9
Invok: Berserk           ||     1
Armor: Animal skin       ||     8
Dodge: Dodged            ||    51
